 Dungeon Crawl Stone Soup version 0.31.0-1-g2c135a0 (webtiles) character file.

Game seed: 9633479800712619915

9795 Fuzzwah the Cleaver (level 11, -1/97 HPs)
             Began as a Minotaur Berserker on Feb 2, 2024.
             Was a High Priest of Trog.
             Incinerated by a deep elf pyromancer (11 damage)
             ... with a pyre arrow
             ... on level 10 of the Dungeon on Feb 3, 2024.
             The game lasted 00:30:22 (7164 turns).

Fuzzwah the Cleaver (Minotaur Berserker)            Turns: 7164, Time: 00:30:22

Health: -1/97      AC: 19    Str: 21    XL:     11   Next: 27%
Magic:  10/10      EV: 10    Int:  4    God:    Trog [*****.]
Gold:   561        SH:  0    Dex: 15    Spells: 10/10 levels left

rFire   . . .        K - +2 broad axe (heavy)
rCold   + + .        (no shield)
rNeg    + . .        C - +0 plate armour
rPois   +            N - +1 hat
rElec   +            D - +0 cloak
rCorr   +            o - +0 pair of gloves
SInv    .            (no boots)
Will    ++...        n - amulet "Nyciwuw" {rPois rF- rC+ Will++ Regen+} Stlth
                     c - ring of positive energy
HPRegen 1.16/turn    f - ring of poison resistance
MPRegen 0.12/turn

%: no passive effects
@: on fire, about to teleport, resistant, glowing
A: horns 2, retaliatory headbutt
a: Renounce Religion, Berserk, Trog's Hand, Brothers in Arms


You were on level 10 of the Dungeon.
You worshipped Trog.
Trog was extremely pleased with you.
You visited 1 branch of the dungeon, and saw 10 of its levels.

You collected 561 gold pieces.


Innate Abilities, Weirdness & Mutations

You have a pair of horns on your head.
You reflexively headbutt those who attack you in melee.


   Skills:
 + Level 9.1 Fighting
 * Level 12.8(13.3) Axes
 - Level 5.5(10.0) Polearms
 * Level 11.9 Armour
 + Level 7.1 Dodging
 - Level 1.4 Stealth


You had 10 spell levels left.
You didn't know any spells.
Your spell library was empty.

Inventory:

Hand Weapons
 a - a +1 hand axe
 r - a +3 heavy hand axe
 B - a +0 halberd
 K - a +2 heavy broad axe (weapon)
Missiles
 h - 3 throwing nets {=f}
Armour
 b - a +0 animal skin
 m - a +0 ring mail
 o - a +0 pair of gloves (worn)
 u - +0 steam dragon scales
 C - a +0 plate armour (worn)
 D - a +0 cloak (worn)
 N - a +1 hat (worn)
Jewellery
 c - a ring of positive energy (left hand)
 f - a ring of poison resistance (right hand)
 i - a ring of willpower
 n - the amulet "Nyciwuw" (around neck) {rPois rF- rC+ Will++ Regen+}
   (You found it on level 4 of the Dungeon)

   [amulet of regeneration]

   rF-:       It makes you vulnerable to fire.
   rC+:       It protects you from cold.
   rPois:     It protects you from poison Will++: It greatly increases your
   willpower.
   Regen+:    It increases your rate of health regeneration.
 p - a ring of see invisible
 F - a ring of fire
Wands
 e - a wand of paralysis (7)
 q - a wand of flame (8)
 z - a wand of roots (9)
 E - a wand of acid (9)
 G - a wand of mindburst (35)
 L - a wand of polymorph (3)
Scrolls
 d - a scroll of fog {unknown}
 g - 5 scrolls of revelation
 k - a scroll of immolation
 v - a scroll of poison
 x - 2 scrolls of fear
 y - 2 scrolls of vulnerability
 O - a scroll of amnesia
Potions
 j - a potion of mutation
 s - a potion of degeneration {unknown}
 t - a potion of ambrosia
 w - 2 potions of magic
 A - a potion of invisibility
 H - a potion of brilliance {unknown}
 J - a potion of lignification {unknown}

Dungeon Overview and Level Annotations

Branches:
Dungeon (10/15)            Temple (0/1) D:4             Orc (0/2) D:9
   Lair: D:8-11

Altars:
Cheibriados
Kikubaaqudgha
Okawaru
Qazlal
Uskayaw
Zin

##.##.##......)###
#.##...▓░)▓.░▓[.#
#.....#......†#.####
#.....##..░..##....#
#.##.#.##.▓[######.#
#.##.#..##########.##
#.##.##... ..........
###.E.####.#.#####.##
#!.@E.# #.# #.......#
..# #§..○...# ####
....^°^....
#.##..e^°e.### #
#.......# ##....:##
##...##


You could see 2 deep elf pyromancers and 2 fire elementals.


Message History

* * * LOW HITPOINT WARNING * * *
The fire elemental hits you. The fire elemental burns you!
The fire burns you terribly!
* * * LOW HITPOINT WARNING * * *
As you read the scroll of teleportation {@r2}, it crumbles to dust.
You feel strangely unstable.
The deep elf pyromancer gestures wildly while chanting.
The deep elf pyromancer blinks!
The deep elf pyromancer points at you and mumbles some strange words.
The pyre arrow hits you.
You are covered in intense liquid fire!
The fire elemental misses you. The fire elemental hits you.
The fire elemental burns you! The fire burns you terribly!
* * * LOW HITPOINT WARNING * * *
You feel much better. The liquid fire burns you!
* * * LOW HITPOINT WARNING * * *
The fire elemental misses you. The fire elemental hits you.
The fire elemental burns you! The fire burns you terribly!
* * * LOW HITPOINT WARNING * * *
The fire elemental falls through a shaft!
The shaft crumbles and collapses.
The fire elemental hits you. The fire elemental burns you!
The fire burns you terribly!
* * * LOW HITPOINT WARNING * * *
The fire elemental hits you. The fire elemental burns you!
The fire burns you terribly!
* * * LOW HITPOINT WARNING * * *
You feel protected. The liquid fire burns you!
You die...

Skill      XL: |  1  2  3  4  5  6  7  8  9 10 11 |
---------------+----------------------------------+-----
Axes           | 4 5 6 7 8 9 11 12 | 12.8
Fighting       | 4 5 6 7 8 9 |  9.1
Armour         | 3 4 5 7 10 11 | 11.9
Stealth        | 1 |  1.4
Dodging        | 3 4 5 6 7 |  7.1
Polearms       | 3 5 |  5.5

Action                     |  1- 3 |  4- 6 |  7- 9 | 10-12 || total
---------------------------+-------+-------+-------+-------++-------
  Melee: Hand axe          |    79 |   168 |    44 |       ||   291
         Headbutt          |    13 |    29 |    50 |    19 ||   111
         Punch             |     1 |     1 |       |     1 ||     3
         Halberd           |       |       |   148 |       ||   148
         Broad axe         |       |       |    53 |    93 ||   146
 Invoke: Berserk           |     1 |     3 |     3 |     4 ||    11
    Use: Scroll            |     8 |     3 |     8 |     2 ||    21
         Potion            |       |     4 |     4 |     3 ||    11
   Stab: Sleeping          |     1 |       |       |       ||     1
 Armour: Animal skin       |    15 |       |       |       ||    15
         Ring mail         |    21 |   143 |     4 |       ||   168
         Plate armour      |       |       |   321 |   257 ||   578
  Dodge: Dodged            |    48 |   104 |    98 |   121 ||   371

Levels and vault maps discovered:
D:1:      minmay_arrival_statue_studded, layout_loops_ring,
          hellmonk_ecumenical_altar_slurped_away
D:2:      layout_basic, uniq_natasha
D:3:      layout_rooms, mainiacjoe_overflow_six_doors_small, zin_statuary,
          hex_tiny, minmay_diced_spiral
D:4:      layout_cave_pools, gammafunk_temple_overflow_elements,
          minmay_temple_entry_waves, nicolae_zen_rock_garden
D:5:      layout_loops_cross, kb_lookout_dungeons_type,
          hangedman_decor_peaks_small
D:6:      layout_layer_cave, nicolae_qazlal_scattered_showers, minivault_10,
          uniq_jeremiah
D:7:      layout_gridville, general_overflow_altar, uniq_joseph
D:8:      layout_basic, uniq_maggie, uniq_gastronok
D:9:      layout_rooms, david_orc_4, serial_undead, serial_undead_a,
          serial_undead_b, serial_undead_a, serial_undead_b,
          nicolae_underground_beach, uniq_harold, uniq_grum
D:10:     minmay_bloctagon_deflated, layout_loops_corners,
          grunt_lair_entry_orc_guard_hut, nicolae_trove_entry_free_sample,
          bh_hangedman_babel_library

Notes
Turn   | Place    | Note
-------+----------+-------------------------------------------
     0 | D:1      | Fuzzwah the Minotaur Berserker began the quest for the Orb.
     0 | D:1      | Reached XP level 1. HP: 19/19 MP: 0/0
    59 | D:1      | Reached skill level 4 in Axes
    59 | D:1      | Reached XP level 2. HP: 8/27 MP: 1/1
   283 | D:1      | Reached skill level 4 in Fighting
   380 | D:1      | Reached ** piety under Trog
   416 | D:1      | Reached XP level 3. HP: 33/33 MP: 2/2
   456 | D:1      | Found a faded altar of an unknown god.
  1005 | D:2      | Reached skill level 3 in Armour
  1005 | D:2      | Reached skill level 1 in Stealth
  1005 | D:2      | Reached XP level 4. HP: 32/40 MP: 3/3
  1014 | D:2      | Noticed Natasha
  1022 | D:2      | Killed Natasha
  1023 | D:2      | Reached skill level 5 in Axes
  1374 | D:2      | Noticed Natasha
  1378 | D:2      | Killed Natasha
  1379 | D:2      | Reached XP level 5. HP: 47/47 MP: 4/4
  1857 | D:3      | Found a snail-covered altar of Cheibriados.
  1977 | D:3      | Found a glowing silver altar of Zin.
  2178 | D:3      | Reached *** piety under Trog
  2188 | D:3      | HP: 2/47 [poisoned by an orc wizard]
  2352 | D:4      | Reached skill level 6 in Axes
  2383 | D:4      | Found a staircase to the Ecumenical Temple.
  2397 | D:4      | Identified the amulet "Nyciwuw" {rPois rF- rC+ Will++
                  | Regen+}
  2445 | D:4      | Reached XP level 6. HP: 53/53 MP: 5/5
  2795 | D:4      | Found an iron altar of Okawaru.
  2795 | D:4      | Found an ancient bone altar of Kikubaaqudgha.
  3009 | D:5      | Entered Level 5 of the Dungeon
  3018 | D:5      | Reached skill level 3 in Dodging
  3256 | D:5      | Reached skill level 5 in Fighting
  3256 | D:5      | Reached skill level 7 in Axes
  3323 | D:5      | Reached skill level 4 in Armour
  3329 | D:5      | Reached XP level 7. HP: 61/61 MP: 6/6
  3644 | D:5      | Reached skill level 8 in Axes
  3674 | D:5      | Reached skill level 1 in Polearms
  3674 | D:5      | Reached **** piety under Trog
  3788 | D:6      | Found a stormy altar of Qazlal.
  3834 | D:6      | Reached skill level 5 in Armour
  3836 | D:6      | Noticed a yak
  3843 | D:6      | Killed a yak
  3844 | D:6      | Reached skill level 2 in Polearms
  3845 | D:6      | Noticed a yak
  3845 | D:6      | Noticed a yak
  3847 | D:6      | Noticed a yak
  3862 | D:6      | HP: 6/62 [yak (11)]
  3863 | D:6      | Killed a yak
  3863 | D:6      | HP: 2/62 [yak (6)]
  3864 | D:6      | Reached skill level 3 in Polearms
  3864 | D:6      | Reached XP level 8. HP: 3/70 MP: 7/7
  3875 | D:6      | Reached skill level 6 in Fighting
  3875 | D:6      | Reached skill level 4 in Polearms
  3875 | D:6      | Reached skill level 6 in Armour
  3912 | D:6      | Noticed Jeremiah
  3959 | D:6      | HP: 4/48 [Jeremiah/+3 trident of draining (8)]
  3962 | D:6      | HP: 1/46 [Jeremiah/divine providence (10)]
  3964 | D:6      | Killed Jeremiah
  3965 | D:6      | Reached skill level 5 in Polearms
  4104 | D:6      | Reached skill level 7 in Armour
  4104 | D:6      | Reached skill level 4 in Dodging
  4488 | D:6      | Reached skill level 9 in Axes
  4923 | D:6      | Identified a potion of resistance
  5020 | D:7      | Found a hide-covered altar of Uskayaw.
  5063 | D:7      | Reached XP level 9. HP: 73/78 MP: 8/8
  5232 | D:7      | Noticed Joseph
  5243 | D:7      | Killed Joseph
  5244 | D:7      | Reached skill level 8 in Armour
  5354 | D:7      | Reached skill level 7 in Fighting
  5632 | D:8      | Noticed Maggie
  5643 | D:8      | Killed Maggie
  5644 | D:8      | Reached skill level 10 in Axes
  5650 | D:8      | Reached skill level 5 in Dodging
  5724 | D:8      | Noticed Gastronok
  5740 | D:8      | Reached skill level 9 in Armour
  5818 | D:8      | Reached ***** piety under Trog
  6154 | D:8      | Killed Gastronok
  6155 | D:8      | Reached skill level 11 in Axes
  6155 | D:8      | Reached skill level 10 in Armour
  6155 | D:8      | Reached XP level 10. HP: 35/88 MP: 9/9
  6213 | D:9      | Reached skill level 8 in Fighting
  6234 | D:9      | Reached skill level 6 in Dodging
  6237 | D:9      | Noticed Harold
  6238 | D:9      | Noticed Grum
  6308 | D:8      | Killed Harold
  6309 | D:8      | Reached skill level 12 in Axes
  6309 | D:8      | Reached skill level 11 in Armour
  6445 | D:9      | Killed Grum
  6454 | D:9      | Reached XP level 11. HP: 58/95 MP: 10/10
  6507 | D:9      | Found a staircase to the Orcish Mines.
  6898 | D:10     | Entered Level 10 of the Dungeon
  6916 | D:10     | Identified the +8 whip "Guap" {flame, rF+ Will- Int+2 SInv}
  7082 | D:10     | Noticed a brown ugly thing
  7082 | D:10     | Noticed an orc knight
  7084 | D:10     | Noticed a centaur warrior
  7088 | D:10     | Killed a brown ugly thing
  7098 | D:10     | Killed an orc knight
  7099 | D:10     | Reached skill level 9 in Fighting
  7103 | D:10     | Killed a centaur warrior
  7104 | D:10     | Reached skill level 7 in Dodging
  7157 | D:10     | Noticed a deep elf pyromancer
  7158 | D:10     | Noticed a deep elf pyromancer
  7164 | D:10     | Incinerated by a deep elf pyromancer

Vanquished Creatures
  Gastronok (D:8)
  Harold (D:8)
  A centaur warrior (D:10)
  An orc knight (D:10)
  An ugly thing (D:10)
  A manticore (D:10)
  Joseph (D:7)
  Jeremiah (D:6)
  Maggie (D:8)
  2 unseen horror zombies (D:9)
  4 yaks (D:6)
  2 wyverns
  A vampire (D:10)
  Grum (D:9)
  2 steam dragons (D:7)
  A wraith (D:9)
  A water moccasin (D:9)
  6 orc warriors
  An ice beast (D:7)
  A sky beast (D:7)
  2 black bears
  3 wolves (D:9)
  An ogre (D:6)
  3 centaurs
  A phantom (D:5)
  2 bullfrogs
  2 kobold brigands
  A gnoll sergeant (D:9)
  A scorpion (D:5)
  2 wights (D:8)
  7 killer bees (D:8)
  2 howler monkeys
  4 orc priests
  A bombardier beetle (D:5)
  2 hounds
  A sleepcap (D:7)
  2 gnoll boudas
  Natasha (twice) (D:2)
  An iguana (D:5)
  7 orc wizards
  2 howler monkey zombies (D:9)
  17 gnolls
  7 adders
  A white imp (D:7)
  4 ufetubi (D:7)
  3 dart slugs
  3 ribbon worms
  35 orcs
  5 ball pythons
  12 endoplasms
  3 giant cockroaches
  10 goblins
  6 hobgoblins
  4 jackals (D:1)
  6 quokkas
  5 bats
  5 frilled lizards
  10 kobolds
  2 rats
218 creatures vanquished.

Vanquished Creatures (others)
  An orc (D:8)
1 creature vanquished.

Grand Total: 219 creatures vanquished

Table legend: (Time is in decaauts)
 A = Elapsed time spent in this place.
 B = Non-inter-level travel time spent in this place.
 C = Inter-level travel time spent in this place.
 D = Time resting spent in this place.
 E = Time spent auto-exploring this place.
 F = Levels seen in this place.
 G = Mean time per level.
                   A        B        C        D        E       F      G
               +--------+--------+--------+--------+--------+-----+--------+
         Total |   7398 |   7217 |    181 |    925 |   4791 |  10 |  739.8 |
       Dungeon |   7398 |   7217 |    181 |    925 |   4791 |  10 |  739.8 |
               +--------+--------+--------+--------+--------+-----+--------+

Top non-repeatable levels by time:
     D:6: 1222 daAuts
     D:2: 897 daAuts
     D:8: 881 daAuts
     D:1: 813 daAuts
     D:5: 782 daAuts
     D:3: 689 daAuts
     D:4: 671 daAuts
     D:7: 629 daAuts
     D:9: 528 daAuts
    D:10: 282 daAuts

Table legend:
 A = Non-vault XP
 B = Vault XP
 C = Vault XP percentage of total XP
 D = Non-vault monster count
 E = Vault monster count
 F = Vault count percentage of total count
                 A         B        C        D         E       F
            +---------+---------+-------+---------+---------+-------
      Total |    5657 |    8336 |  59.6 |     177 |      41 |  18.8
            +---------+---------+-------+---------+---------+-------
        D:1 |      51 |       2 |   3.8 |      29 |       1 |   3.3
        D:2 |     111 |      36 |  24.5 |      25 |       1 |   3.8
        D:3 |      88 |       6 |   6.4 |      14 |       3 |  17.6
        D:4 |     141 |       0 |   0.0 |      16 |       0 |   0.0
        D:5 |     587 |     115 |  16.4 |      23 |       1 |   4.2
        D:6 |    1166 |     412 |  26.1 |      12 |       1 |   7.7
        D:7 |     876 |     419 |  32.4 |      15 |       1 |   6.2
        D:8 |    1335 |    3047 |  69.5 |      25 |       6 |  19.4
        D:9 |    1003 |    1820 |  64.5 |      14 |      23 |  62.2
       D:10 |     299 |    2479 |  89.2 |       4 |       4 |  50.0
            +---------+---------+-------+---------+---------+-------
